Construct Infanterie Kompanie
Construct Luftwaffe Kompanie
Selects Luftwaffe Battlegroup
Selects Luftwaffe Pioneer Support
Selects LG40 Recoilless Gun Paradrop
Luftwaffe Officer Quarters
LG40 Recoilless Gun Paradrop
LG40 Recoilless Gun Paradrop
Selects Infantry Reserves
Selects Stuka Strafing Run
Selects Fallschirmjäger Squad Paradrop
Fallschirmjäger Squad Paradrop